 Dungeon Crawl Stone Soup version 0.28-a0-167-g7eff39e849 (webtiles) character file.

Game seed: 16373299638488445780

1635 Grimdewalt the Ducker (level 9, -9/65 HPs)
             Began as a Djinni Fire Elementalist on Aug 16, 2021.
             Was an Initiate of Makhleb.
             Mangled by an orc warrior (13 damage)
             ... in a bailey.
             The game lasted 00:24:00 (9581 turns).

Grimdewalt the Ducker (Djinni Fire Elementalist)    Turns: 9581, Time: 00:24:01

Health: -9/65      AC:  2    Str:  7    XL:     9   Next: 18%
Gold:   244        EV: 14    Int: 21    God:    Makhleb [......] SH:  0 Dex: 13

rFire   + . .      SeeInvis .   j - +2 dagger (venom)
rCold   . . .      Faith    .   (no shield)
rNeg    . . .      Spirit   .   x - +0 robe {Will+}
rPois   ∞          Reflect  .   (no helmet)
rElec   .          Harm     .   y - scarf {repulsion}
rCorr   .          Rampage  .   (no gloves)
Will    +....                   (boots unavailable)
Stlth   +++.......              (no amulet)
HPRegen 0.20/turn               t - ring of ice
MPRegen 0.00/turn               (no ring)

@: marked, flying, slightly contaminated, repel missiles
A: sickness immunity, fire resistance 2, cold vulnerability 1, float, innate
caster, hp casting, extra vitality 1
a: Renounce Religion


You were in a bailey.
You worshipped Makhleb.
Makhleb was noncommittal.
You visited 2 branches of the dungeon, and saw 8 of its levels.
You also visited: Sewer and Bailey.

You collected 283 gold pieces.
You spent 39 gold pieces at shops.

Inventory:

Hand Weapons
 f - a +0 hunting sling of flaming
 j - a +2 dagger of venom (weapon)
Missiles
 g - 162 stones
 C - 14 poisoned darts
 D - a curare-tipped dart
Armour
 x - a +0 robe of willpower (worn)
 y - a scarf of repulsion (worn)
Jewellery
 t - a ring of ice (left hand)
 B - a ring of see invisible
Wands
 m - a wand of flame (21)
 n - a wand of polymorph (18)
 E - a wand of iceblast (4)
Scrolls
 c - 5 scrolls of teleportation
 d - 5 scrolls of identify {@r1}
 h - a scroll of immolation {unknown}
 i - a scroll of fear
 p - 2 scrolls of noise {unknown}
 r - a scroll of torment {unknown}
 s - a scroll of fog {unknown}
 u - 3 scrolls of enchant weapon {unknown}
 A - a scroll of magic mapping {unknown}
Potions
 a - a potion of invisibility {unknown}
 b - 2 potions of haste {unknown}
 e - a potion of berserk rage {unknown}
 k - a potion of cancellation {unknown}
 l - a potion of resistance {unknown}
 o - 2 potions of heal wounds {unknown}
 q - a potion of ambrosia {unknown}
 v - a potion of degeneration {unknown}
 w - 2 potions of might {unknown}
 z - a potion of attraction {unknown}


   Skills:
 + Level 5.3 Fighting
 + Level 6.3 Dodging
 + Level 5.2 Stealth
 + Level 4.8 Spellcasting


You couldn't memorise any spells.
You knew the following spells:

 Your Spells              Type           Power      Damage    Failure   Level
a - Foxfire               Conj/Fire      100%       2x1d9     1%          1
b - Conjure Flame         Conj/Fire      25%        6-21      4%          3
c - Inner Flame           Hex/Fire       25%        N/A       4%          3
d - Sticky Flame          Conj/Fire      25%        2d5       16%         4
e - Fireball              Conj/Fire      12%        3d7       38%         5
f - Freeze                Ice            100%       1d11      1%          1
g - Slow                  Hex            25%        N/A       2%          2
h - Searing Ray           Conj           50%        3d5       2%          2
i - Stone Arrow           Conj/Erth      50%        3d10      4%          3
Your spell library was empty.

Dungeon Overview and Level Annotations

Branches:
Dungeon (7/15)             Temple (1/1) D:6           Sewer (visited)
 Bailey (1/1)

Altars:
Ashenzari
Cheibriados
Dithmenos
Elyvilon
Fedhas
Gozag
Hepliaklqana
Kikubaaqudgha
Makhleb
Nemelex Xobeh
Okawaru
Qazlal
Trog
Uskayaw
Vehumet
Wu Jian
Yredelemnul
Zin

Shops:
D:2 ?

Annotations:
D:3 3 runed translucent doors, chorionicmirror's ghost, amateur GnWn
D:4 2 transporters, PirateVox's ghost, amateur KoEE


Innate Abilities, Weirdness & Mutations

You are immune to sickness and miasma.
You are immune to poison.
Your flesh is very heat resistant. (rF++)
You are vulnerable to cold. (rC-)
You float through the air rather than walking.
You learn spells naturally, not from books.
Your magical power is your life essence.
You have superior vitality. (+4 HP)


Message History

The spell is quite dangerous to cast (38% risk of failure)!
Continue anyway?
Aiming: Fireball (quite dangerous; 38% risk of failure)
Press: ? - help, Shift-Dir - straight line, f/p - orc warrior
Aim: an orc warrior, wielding a +0 war axe and wearing a +0 scale mail (moderately wounded, covered in liquid flames) That beam is likely to hit you.
Continue anyway? [Y]es or [N]o only, please.
That beam is likely to hit you.
Continue anyway?
You miscast Fireball.
You are blasted with magical energy!
* * * LOW HITPOINT WARNING * * *
x2 The orc warrior burns! x2; The orc warrior misses you.
The orc warrior closely misses you.
A gnoll comes into view. It is wielding a +0 hand axe.
Casting: Fireball (quite dangerous; 38% risk of failure)
Confirm with . or Enter, or press ? or * to list all spells.
Aiming: Sticky Flame (dangerous; 16% risk of failure)
Press: ? - help, Shift-Dir - straight line, f - orc warrior, p - orc warrior
Aim: an orc warrior, wielding a +0 war axe and wearing a +0 plate armour (heavily wounded, covered in liquid flames, 100% to hit)
Okay, then.
Casting: Sticky Flame (dangerous; 16% risk of failure)
Confirm with . or Enter, or press ? or * to list all spells.
The spell is quite dangerous to cast (38% risk of failure)!
Continue anyway?
Okay, then.
Casting: Fireball (quite dangerous; 38% risk of failure)
Confirm with . or Enter, or press ? or * to list all spells.
The spell is quite dangerous to cast (38% risk of failure)!
Continue anyway?
Aiming: Fireball (quite dangerous; 38% risk of failure)
Press: ? - help, Shift-Dir - straight line, f/p - orc warrior
Aim: an orc warrior, wielding a +0 war axe and wearing a +0 scale mail (moderately wounded, covered in liquid flames) That beam is likely to hit you.
Continue anyway? [Y]es or [N]o only, please.
That beam is likely to hit you.
Continue anyway?
You miscast Fireball.
Nothing appears to happen.
* * * LOW HITPOINT WARNING * * *
The orc warrior burns! x2; The orc warrior closely misses you.
The orc warrior completely misses you.
Unknown command.
Casting: Fireball (quite dangerous; 38% risk of failure)
Confirm with . or Enter, or press ? or * to list all spells.
The spell is quite dangerous to cast (38% risk of failure)!
Continue anyway?
Aiming: Fireball (quite dangerous; 38% risk of failure)
Press: ? - help, Shift-Dir - straight line, f/p - orc warrior
Aim: an orc warrior, wielding a +0 war axe and wearing a +0 scale mail (heavily wounded, covered in liquid flames) That beam is likely to hit you.
Continue anyway?
You miscast Fireball.
You are lightly contaminated with residual magic.
You are blasted with searing flames.
You resist.
* * * LOW HITPOINT WARNING * * *
x2 The orc warrior burns!
The orc warrior stops burning.
The orc warrior burns!
The orc warrior hits you with a +0 war axe!
You die...

K≈.≈K
##≈.≈##
K≈g≈(
#≈g≈#
≈o≈
##'##
##gg.##
#8oo^8#
##@∩.##
##8##
###


You could see 3 orc warriors, 2 gnolls and 2 goblins.

Vanquished Creatures
  An ice beast (D:5)
  An orc warrior (Bailey)
  An ogre (D:6)
  A kobold brigand (D:6)
  2 bullfrogs (Sewer)
  3 scorpions
  A water moccasin skeleton (D:5)
  3 centaur zombies
  An orc priest (D:5)
  3 hounds
  A centaur skeleton (D:6)
  2 jellies
  A bullfrog skeleton (D:4)
  3 iguanas
  5 orc wizards
  Natasha (thrice) (D:4)
  A hound skeleton (D:4)
  A gnoll (Bailey)
  16 adders
  An ufetubus (D:5)
  An adder skeleton (D:4)
  3 worms
  2 dart slugs (D:2)
  10 orcs
  A bat (D:3)
  6 bat zombies (D:6)
  18 endoplasms
  13 giant cockroaches
  11 goblins
  3 hobgoblins
  12 quokkas
  18 ball pythons
  17 frilled lizards
  8 kobolds
  7 rats
181 creatures vanquished.

Vanquished Creatures (others)
  561 foxfires
  7 plants
568 creatures vanquished.

Grand Total: 749 creatures vanquished

Notes
Turn   | Place    | Note
-------+----------+-------------------------------------------
     0 | D:1      | Grimdewalt the Djinni Fire Elementalist began the quest for
                  | the Orb.
     0 | D:1      | Reached XP level 1. HP: 15/15 MP: 0/0
   139 | D:1      | Found a faded altar of an unknown god.
   250 | D:1      | Reached XP level 2. HP: 18/22 MP: 0/0
  1416 | D:2      | Reached skill level 1 in Fighting
  1416 | D:2      | Reached XP level 3. HP: 24/27 MP: 0/0
  1416 | D:2      | Learned a level 1 spell: Freeze
  1489 | D:2      | Found Emitiq's Magic Scroll Boutique.
  1695 | D:2      | Bought a scroll of teleportation for 39 gold pieces
  2018 | D:2      | Reached skill level 3 in Dodging
  2018 | D:2      | Reached XP level 4. HP: 14/32 MP: 0/0
  2798 | D:3      | Found a glowing drain.
  2826 | Sewer    | Entered a sewer
  3221 | Sewer    | Reached XP level 5. HP: 36/38 MP: 0/0
  3221 | Sewer    | Learned a level 2 spell: Slow
  3540 | Sewer    | Noticed a bullfrog
  3544 | Sewer    | Killed a bullfrog
  3545 | Sewer    | Reached XP level 6. HP: 40/45 MP: 0/0
  3757 | D:3      | Reached skill level 4 in Dodging
  3889 | D:3      | Found a hide-covered altar of Uskayaw.
  4337 | D:3      | Found a runed translucent gate.
  4337 | D:3      | Found a runed translucent gate.
  4337 | D:3      | Found a runed translucent gate.
  4339 | D:3      | Noticed chorionicmirror's ghost (amateur GnWn)
  4468 | D:4      | Reached XP level 7. HP: 38/50 MP: 0/0
  4468 | D:4      | Learned a level 2 spell: Searing Ray
  4597 | D:4      | Found a hazy altar of Hepliaklqana.
  4814 | D:4      | Noticed Natasha
  4820 | D:4      | Killed Natasha
  4897 | D:4      | Noticed Natasha
  4910 | D:4      | Killed Natasha
  4933 | D:4      | Noticed Natasha
  4939 | D:4      | Killed Natasha
  5021 | D:4      | Found a transporter.
  5045 | D:4      | Identified the +1 scale mail of the Swamp {Dex+4}
  5045 | D:4      | Identified the -2 kite shield "Lekhlorut" {rF+}
  5046 | D:4      | Noticed PirateVox's ghost (amateur KoEE)
  5058 | D:4      | Found a transporter.
  5969 | D:5      | Entered Level 5 of the Dungeon
  6246 | D:5      | Found a shadowy altar of Dithmenos.
  6291 | D:5      | Reached XP level 8. HP: 28/58 MP: 0/0
  6467 | D:5      | Reached skill level 5 in Dodging
  7249 | D:6      | Found a staircase to the Ecumenical Temple.
  7285 | Temple   | Entered the Ecumenical Temple
  7347 | Temple   | Became a worshipper of Makhleb the Destroyer
  8460 | D:6      | Reached skill level 6 in Dodging
  8602 | D:6      | Reached skill level 5 in Fighting
  8602 | D:6      | Reached skill level 5 in Stealth
  8602 | D:6      | Reached XP level 9. HP: 53/65 MP: 0/0
  8602 | D:6      | Learned a level 3 spell: Stone Arrow
  9347 | D:7      | Found a flagged portal.
  9364 | Bailey   | Entered a bailey
  9581 | Bailey   | HP: 3/65 [something (5)]
  9581 | Bailey   | Mangled by an orc warrior

Illustrated notes

Levels and vault maps discovered:
D:1:      lemuel_arrival_cross, layout_basic, dreamdust_ecumenical_altar_grove
D:2:      layout_basic, serial_shops, nicolae_square_shop
D:3:      layout_basic, nicolae_uskayaw_murder_on_the_dancefloor,
          gammafunk_ghost_necromancy, portal_sewer_entry_d,
          minmay_misc_feat_secret_circle, kennysheep_cross_bottleneck
D:4:      minmay_chambers_of_fours, layout_cave_pools,
          nzn_hepliaklqana_mist_gate, gammafunk_ghost_gnarly_gnolls,
          serial_bayou_pond_b, uniq_natasha
D:5:      layout_cave_pools, mainiacjoe_overflow_surrounded_room,
          guppyfry_early_lair_pool
D:6:      layout_basic, kennysheep_vampire_church,
          minmay_temple_entry_junction_2, patterned_corridor
D:7:      layout_layer_cave, enter_bailey_3, serial_bayou, serial_bayou_pond_b,
          serial_bayou_pond_c, serial_bayou_shore_b, serial_bayou_pond_b
Temple:   eino_temple_water
Bailey:   bailey_axe_1, bailey

Skill      XL: |  1  2  3  4  5  6  7  8 |
---------------+-------------------------+-----
Fighting       | 1 2 3 5 |  5.3
Stealth        | 2 3 4 5 |  5.2
Dodging        | 3 4 6 |  6.3
Spellcasting   | 3 4 |  4.8

Action                   |  1- 3 |  4- 6 |  7- 9 || total
-------------------------+-------+-------+-------++-------
Melee: Dagger            |     1 |     3 |    10 ||    14
 Cast: Foxfire           |    64 |   111 |   195 ||   370
       Freeze            |       |       |     5 ||     5
       Sticky Flame      |       |       |    14 ||    14
  Use: Scroll            |       |       |     2 ||     2
 Stab: Sleeping          |       |       |     1 ||     1
Armor: Robe              |       |     4 |    45 ||    49
Dodge: Dodged            |     6 |    14 |   141 ||   161

Table legend: (Time is in decaauts)
 A = Elapsed time spent in this place.
 B = Non-inter-level travel time spent in this place.
 C = Inter-level travel time spent in this place.
 D = Time resting spent in this place.
 E = Time spent auto-exploring this place.
 F = Levels seen in this place.
 G = Mean time per level.
                   A        B        C        D        E       F      G
               +--------+--------+--------+--------+--------+-----+--------+
         Total |   9582 |   9385 |    197 |      4 |   7365 |  10 |  958.2 |
       Dungeon |   8387 |   8190 |    197 |      4 |   6543 |   7 | 1198.1 |
        Temple |     78 |     78 |      0 |      0 |     26 |   1 |   78.0 |
         Sewer |    899 |    899 |      0 |      0 |    612 |   1 |  899.0 |
        Bailey |    216 |    216 |      0 |      0 |    184 |   1 |  216.0 |
               +--------+--------+--------+--------+--------+-----+--------+

Top non-repeatable levels by time:
     D:6: 1728 daAuts
     D:2: 1718 daAuts
     D:4: 1552 daAuts
     D:5: 1377 daAuts
     D:1: 952 daAuts
   Sewer: 899 daAuts
     D:3: 844 daAuts
  Bailey: 216 daAuts
     D:7: 214 daAuts
  Temple: 78 daAuts
